 Dungeon Crawl Stone Soup version 0.28.0-45-g0d030f2227 (webtiles) character file.

Game seed: 1853393638562647642

70972 boopmooplesden the Bludgeoner (level 14, -20/132 HPs)
             Began as a Minotaur Berserker on Apr 17, 2022.
             Was a High Priest of Trog.
             Demolished by a rockslime (27 damage)
             ... on level 1 of the Pits of Slime.
             The game lasted 00:34:13 (21255 turns).

boopmooplesden the Bludgeoner (Minotaur Berserker) Turns: 21255, Time: 00:34:14

Health: -20/132    AC: 28    Str: 22      XL:     14   Next: 96%
Magic:  18/20      EV:  8    Int: 15 (16) God:    Trog [*****.]
Gold:   1306       SH:  9    Dex:  7      Spells: 13/13 levels left

rFire   + . .      SeeInvis .   d - +7 great mace "Ezugerec" {spect, rElec rPois MP+9 Int+2}
rCold   + . .      Faith    .   (shield currently unavailable)
rNeg    + + +      Spirit   .   e - +3 plate armour of the Fletcher {rElec rN+++ rCorr Int+2}
rPois   +          Reflect  +   J - +2 hat
rElec   +          Harm     .   o - scarf {repulsion}
rCorr   +          Rampage  .   F - +0 pair of gloves of Minor Irritation {rF+ Regen+}
Will    +....      Clarity  +   c - +1 pair of boots
Stlth   ..........              A - amulet of reflection
HPRegen 0.00/turn               j - ring of protection from cold
MPRegen 0.17/turn               l - +6 ring of intelligence

@: on berserk cooldown, inhibited regen, slowed, repel missiles, very slow
A: horns 2, retaliatory headbutt, hooves 1, iridescent scales 1, large bone
plates 1, clarity, clumsy 2, deterioration 1, low MP 1, inhibited regeneration,
weak 1
a: Renounce Religion, Berserk, Trog's Hand, Brothers in Arms


You were on level 1 of the Pits of Slime.
You worshipped Trog.
Trog was extremely pleased with you.
You visited 3 branches of the dungeon, and saw 20 of its levels.
You visited the Abyss 1 time.
You also visited: Ice Cave.

You collected 1609 gold pieces.
You spent 303 gold pieces at shops.

Inventory:

Hand Weapons
 a - the +7 lajatang of Anger {vorpal, rF+ rN+ Dex+2}
   (Trog gifted it to you on level 6 of the Lair of Beasts)

   It inflicts extra damage upon your enemies.
   Dex:       It affects your dexterity (+2).
   rF:        It protects you from fire.
   rN:        It protects you from negative energy.
 d - the +7 great mace "Ezugerec" (weapon) {spect, rElec rPois MP+9 Int+2}
   (You acquired it on level 4 of the Dungeon)

   When its wielder attacks, the weapon's spirit leaps out and strikes again.
   The spirit shares a part of any damage it takes with its wielder.
   Int:       It affects your intelligence (+2).
   rElec:     It insulates you from electricity.
   rPois:     It protects you from poison.
   MP:        It affects your magic capacity (+9).
 v - the +2 long sword "Ytyiwn" {venom, rC++ Will- rCorr MP+9}
   (You found it on level 5 of the Dungeon)

   It poisons the flesh of those it strikes.
   rC:        It greatly protects you from cold.
   MP:        It affects your magic capacity (+9).
   rCorr:     It protects you from acid and corrosion.
   Will:      It decreases your willpower.
 R - the +3 rapier of Ipsimiomo {venom, Str+7}
   (You found it on level 12 of the Dungeon)

   It poisons the flesh of those it strikes.
   Str:       It affects your strength (+7).
Missiles
 i - 3 throwing nets (quivered)
Armour
 c - a +1 pair of boots (worn)
 e - the +3 plate armour of the Fletcher (worn) {rElec rN+++ rCorr Int+2}
   (You found it on level 7 of the Dungeon)

   Int:       It affects your intelligence (+2).
   rElec:     It insulates you from electricity.
   rN:        It renders you almost immune to negative energy.
   rCorr:     It protects you from acid and corrosion.
 m - a +2 cloak
 o - a scarf of repulsion (worn)
 F - the +0 pair of gloves of Minor Irritation (worn) {rF+ Regen+}
   (You bought it in a shop on level 7 of the Dungeon)

   rF:        It protects you from fire.
   Regen:     It increases your rate of health regeneration.
 J - a +2 hat (worn)
 S - a +2 tower shield of cold resistance
Jewellery
 j - a ring of protection from cold (left hand)
 l - a +6 ring of intelligence (right hand)
 q - a +6 ring of strength
 t - a ring of ice
 A - an amulet of reflection (around neck)
 D - a +6 ring of dexterity
 G - a ring of fire
 T - a ring of protection from cold
 U - a +4 ring of evasion
 V - a ring of see invisible
 W - a +6 ring of dexterity
Wands
 y - a wand of flame (38)
 H - a wand of iceblast (3)
 M - a wand of paralysis (3)
 O - a wand of charming (15)
 Y - a wand of digging (5)
 Z - a wand of polymorph (8)
Scrolls
 b - a scroll of immolation {unknown}
 h - 5 scrolls of amnesia
 k - 9 scrolls of teleportation
 n - 6 scrolls of identify
 s - 3 scrolls of fog
 E - 3 scrolls of fear
 N - a scroll of vulnerability
 Q - a scroll of enchant weapon
Potions
 f - 6 potions of curing
 g - 7 potions of mutation
 p - 3 potions of might
 r - 5 potions of cancellation
 u - 3 potions of flight
 w - a potion of attraction {unknown}
 z - 4 potions of invisibility
 B - 2 potions of haste
 C - 2 potions of magic {unknown}
 I - 2 potions of experience {unknown}
 K - 3 potions of lignification {unknown}
 L - 5 potions of brilliance {unknown}
Miscellaneous
 x - a tin of tremorstones (2/2)
 X - a condenser vane


   Skills:
 + Level 14.0 Fighting
 + Level 5.0 Long Blades
 + Level 5.7(14.3) Axes
 + Level 20.2(20.4) Maces & Flails
 + Level 15.3 Armour
 + Level 5.7 Dodging
 + Level 4.2 Stealth
 + Level 9.1 Shields


You had 13 spell levels left.
You didn't know any spells.
Your spell library was empty.

Dungeon Overview and Level Annotations

Branches:
Dungeon (13/15)            Temple (0/1) D:7            Lair (6/6) D:9
 Spider (0/4) Lair:4        Slime (1/5) Lair:5          Orc (0/2) D:10
  IceCv (visited)
  Swamp: Lair:2-4    Shoals: Lair:2-4    Vaults: D:13-14

Altars:
Ashenzari
Cheibriados
Elyvilon
Hepliaklqana
Makhleb
Okawaru
Qazlal
Sif Muna
Trog
Vehumet
Wu Jian
Xom
The Shining One
Jiyva
Lugonu

Shops:
D:5 =(((*   D:7 [   D:8 [   D:9 *

Portals:
Abyss: Lair:6
Trove: D:10 (give 7 scrolls of fog)


Innate Abilities, Weirdness & Mutations

You have a pair of horns on your head.
You reflexively headbutt those who attack you in melee.
You have large cloven feet.
You are partially covered in iridescent scales. (AC +2)
You are partially covered in large bone plates. (SH +4)
You possess an exceptional clarity of mind.
You are very clumsy. (Dex -4)
Your body sometimes deteriorates upon taking damage.
Your magical capacity is low. (-10% MP)
You do not regenerate when monsters are visible.
You are weak. (Str -2)


Message History

The slime creature is almost dead.
Your +7 great mace "Ezugerec" {spect, rElec rPois MP+9 Int+2} hits the slime creature!!
You kill the slime creature!
Trog accepts your kill.
The rockslime hits you but does no damage.
The great orb of eyes bites you but does no damage.
The rockslime hits you!
You hold your ground!
You thump the great orb of eyes!
You headbutt the great orb of eyes, but do no damage.
The great orb of eyes is heavily wounded.
Your +7 great mace "Ezugerec" {spect, rElec rPois MP+9 Int+2} hits the great orb of eyes!!
You are no longer corroded.
The great orb of eyes gazes at you.
You feel your power leaking away.
The rockslime hits you but does no damage.
You bludgeon the great orb of eyes!!
You kill the great orb of eyes!
Trog accepts your kill. Trog grants you a weapon!
Something appears at your feet!
You see here a +1 antimagic great mace.
The rockslime hits you but does no damage.
Your Fighting skill increases to level 14!
You hit the rockslime but do no damage.
You headbutt the rockslime, but do no damage.
The rockslime is severely wounded.
Your +7 great mace "Ezugerec" {spect, rElec rPois MP+9 Int+2} hits the rockslime!
The rockslime hits you!!
* * * LOW HITPOINT WARNING * * *
You stumble backwards!
You barely miss the rockslime.
The rockslime is severely wounded.
Your +7 great mace "Ezugerec" {spect, rElec rPois MP+9 Int+2} hits the rockslime!
The rockslime hits your +7 great mace "Ezugerec" {spect, rElec rPois MP+9 Int+2}!!!
Your spectral weapon shares its damage with you!
Your +7 great mace "Ezugerec" {spect, rElec rPois MP+9 Int+2} is shoved backwards!
Your +7 great mace "Ezugerec" {spect, rElec rPois MP+9 Int+2} fades away.
* * * LOW HITPOINT WARNING * * *
Your body deteriorates!
You feel dopey. The rockslime hits you!!
You die...

.....#.###... .#
........#... ..##
..#..#.#... #...#
.....#....##.....
....#.....#......
.................
.......<.........
......§J)§.>.....
.#......@....##.#
##..........#
#..............
.............#...
......#..........
..##.............
................
...............
...............


You could see a rockslime.

Vanquished Creatures
  A tentacled starspawn (Abyss:1)
  2 acid blobs (Slime:1)
  An azure jelly (Slime:1)
  A cacodemon (D:9)
  2 great orbs of eyes (Slime:1)
  6 hydras
  An ice dragon (IceCv)
  3 boulder beetles
  A centaur warrior (D:13)
  Erica (Lair:2)
  A death yak (Lair:3)
  5 two-headed ogres
  5 thrashing horrors
  Sonja (Lair:1)
  11 slime creatures
  A sixfirhy (D:10)
  A glowing orange brain (D:9)
  A lindwurm (Lair:6)
  Pikel (D:9)
  3 large abominations
  9 ugly things
  A shining eye (Slime:1)
  2 ice statues (IceCv)
  15 elephants
  2 smoke demons (Lair:6)
  An apocalypse crab (Abyss:1)
  A guardian serpent (shapeshifter) (D:13)
  2 torpor snails
  4 black mambas
  10 cane toads
  A gargoyle (D:10)
  An unseen horror (D:12)
  3 komodo dragons
  15 rime drakes
  A kobold demonologist (D:9)
  2 ancient zymes (Lair:6)
  5 polar bears
  A hornet (D:10)
  A troll (D:6)
  The ghost of Jingleheimer the Chopper, an amateur FoFi (D:3)
  25 blink frogs
  4 dream sheep (Lair:5)
  3 ynoxinuls (Lair:6)
  A spriggan (shapeshifter) (Lair:6)
  A vampire (D:9)
  A spriggan (Lair:5)
  A shadow (D:9)
  A wraith (D:11)
  10 wyverns
  13 basilisks
  19 yaks
  A steam dragon (D:9)
  3 vampire mosquitoes (D:11)
  A neqoxec (D:9)
  2 acid dragons (D:12)
  12 water moccasins
  2 black bears
  5 orc warriors
  2 ice beasts (D:8)
  A hornet zombie (D:8)
  4 sky beasts
  14 wolves
  An ogre (D:5)
  6 centaurs
  2 kobold brigands
  A lemure (D:9)
  2 phantoms
  17 bullfrogs
  A gnoll sergeant (D:11)
  A scorpion (D:5)
  A water moccasin skeleton (D:4)
  11 killer bees
  3 lindwurm simulacra (IceCv)
  6 howler monkeys
  3 centaur zombies
  A crimson imp (D:5)
  6 komodo dragon simulacra (IceCv)
  Crazy Yiuf (D:2)
  13 small abominations
  A bullfrog zombie (D:6)
  3 quasits (D:3)
  2 gnoll shamans
  7 orc priests
  A bullfrog skeleton (D:7)
  6 iguanas
  7 orc wizards
  9 hell rats
  A hound zombie (D:5)
  2 hound skeletons (D:4)
  A howler monkey zombie (D:8)
  Robin (D:3)
  19 gnolls
  7 acid dragon simulacra (IceCv)
  12 adders
  4 white imps
  5 steam dragon simulacra (IceCv)
  3 worms
  5 dart slugs
  30 orcs
  5 bats
  7 endoplasms
  9 goblins
  12 hobgoblins
  A jackal (D:3)
  2 quokkas
  9 ball pythons
  7 frilled lizards
  21 kobolds
  7 rats
  A butterfly (D:7)
536 creatures vanquished.

Vanquished Creatures (collateral kills)
  The ghost of Malificent the Chopper, a novice HuFi of Nemelex Xobeh (D:9)
  A cane toad (shapeshifter) (D:9)
  A komodo dragon (Lair:4)
  A rime drake (Lair:5)
  A culicivora (shapeshifter) (D:9)
  A basilisk (Lair:5)
  A neqoxec (D:9)
  A hell rat (Lair:5)
8 creatures vanquished.

Vanquished Creatures (others)
  17 fungi
  A lurking horror (Abyss:1)
  9 plants
27 creatures vanquished.

Grand Total: 571 creatures vanquished

Notes
Turn   | Place    | Note
-------+----------+-------------------------------------------
     0 | D:1      | boopmooplesden the Minotaur Berserker began the quest for
                  | the Orb.
     0 | D:1      | Reached XP level 1. HP: 19/19 MP: 0/0
   315 | D:1      | Found a faded altar of an unknown god.
   407 | D:1      | Reached XP level 2. HP: 23/27 MP: 1/1
  1310 | D:2      | Reached XP level 3. HP: 21/33 MP: 2/2
  1717 | D:2      | Found a runed translucent door.
  1718 | D:2      | Noticed Crazy Yiuf
  2500 | D:2      | Killed Crazy Yiuf
  2501 | D:2      | Reached XP level 4. HP: 22/41 MP: 3/3
  2808 | D:3      | Noticed Jingleheimer's ghost (amateur FoFi)
  2810 | D:3      | Reached skill level 5 in Axes
  2818 | D:3      | Found a transporter.
  2855 | D:3      | Found a transporter.
  2885 | D:3      | Reached ** piety under Trog
  2901 | D:3      | Found a bloodstained altar of Trog.
  2998 | D:3      | Found a shimmering blue altar of Sif Muna.
  3043 | D:3      | Reached XP level 5. HP: 43/47 MP: 4/4
  3367 | D:3      | Reached skill level 5 in Fighting
  3599 | D:3      | Noticed Robin
  3610 | D:3      | Killed Robin
  3727 | D:3      | Found a glowing golden altar of the Shining One.
  4374 | D:4      | Reached skill level 1 in Maces & Flails
  4374 | D:4      | Reached XP level 6. HP: 56/56 MP: 5/5
  4374 | D:4      | Reached *** piety under Trog
  4819 | D:4      | Found a broken altar of Ashenzari.
  4841 | D:4      | Reached skill level 2 in Maces & Flails
  4842 | D:4      | Reached skill level 5 in Armour
  4842 | D:4      | Reached XP level 7. HP: 61/61 MP: 6/6
  4846 | D:4      | Reached skill level 3 in Maces & Flails
  5383 | D:4      | Reached skill level 4 in Maces & Flails
  5740 | D:4      | Identified a scroll of acquirement
  5740 | D:4      | Acquired the +7 great mace "Ezugerec" {spect, rElec rPois
                  | MP+9 Int+2}
  5837 | D:5      | Entered Level 5 of the Dungeon
  5878 | D:5      | Found Ritug's Antique Weapon Shop.
  5901 | D:5      | Found Job Cuurr's Jewellery Shoppe.
  5915 | D:5      | Identified the +0 ring mail of Refuge {Dex+7}
  5953 | D:5      | Found Veam's Weapon Shoppe.
  6121 | D:5      | Found Qish's Antique Weapon Shop.
  6143 | D:5      | Reached skill level 5 in Maces & Flails
  6145 | D:5      | Reached skill level 1 in Stealth
  6145 | D:5      | Reached XP level 8. HP: 68/70 MP: 7/7
  6150 | D:5      | Identified the +2 long sword "Ytyiwn" {venom, rC++ Will-
                  | rCorr MP+9}
  6231 | D:5      | Found a burning altar of Makhleb.
  6232 | D:5      | Found a shimmering altar of Xom.
  6244 | D:5      | Reached skill level 6 in Maces & Flails
  6332 | D:5      | Found Korphek's General Store.
  6473 | D:6      | Reached **** piety under Trog
  6612 | D:6      | Reached skill level 7 in Maces & Flails
  6667 | D:6      | Noticed a troll
  6668 | D:6      | Killed a troll
  6783 | D:6      | Reached skill level 8 in Maces & Flails
  6787 | D:6      | Reached XP level 9. HP: 67/78 MP: 8/8
  7424 | D:3      | Killed Jingleheimer's ghost
  7608 | D:7      | Reached skill level 9 in Maces & Flails
  7756 | D:7      | Found Veowom's Antique Armour Emporium.
  7766 | D:7      | Bought a pair of distressingly furry gloves for 171 gold
                  | pieces
  7766 | D:7      | Identified the +0 pair of gloves of Minor Irritation {rF+
                  | Regen+} (You bought it in a shop on level 7 of the Dungeon)
  7877 | D:7      | Found a staircase to the Ecumenical Temple.
  7880 | D:7      | Found a radiant altar of Vehumet.
  7932 | D:7      | Identified the +3 plate armour of the Fletcher {rElec rN+++
                  | rCorr Int+2}
  8308 | D:8      | Reached ***** piety under Trog
  8322 | D:8      | Reached skill level 10 in Maces & Flails
  8330 | D:8      | Found an iron altar of Okawaru.
  8331 | D:8      | Found a stormy altar of Qazlal.
  8336 | D:8      | Found an ornate altar of the Wu Jian Council.
  8431 | D:8      | Found Meekhu's Armour Shop.
  8454 | D:8      | Reached skill level 1 in Shields
  8570 | D:8      | Reached skill level 11 in Maces & Flails
  8699 | D:8      | Found a hazy altar of Hepliaklqana.
  8776 | D:9      | Reached XP level 10. HP: 71/88 MP: 9/9
  8812 | D:9      | Found a staircase to the Lair.
  8843 | D:9      | Found a runed translucent gate.
  8844 | D:9      | Found a runed translucent gate.
  8844 | D:9      | Found a runed translucent gate.
  8844 | D:9      | Noticed a purple ugly thing
  8845 | D:9      | Noticed a green ugly thing
  8845 | D:9      | Noticed a glowing orange brain
  8845 | D:9      | Noticed a purple ugly thing
  8846 | D:9      | Noticed a brown ugly thing
  8846 | D:9      | Noticed a brown ugly thing
  8916 | D:9      | Cast into level 1 of the Abyss (orc wizard)
  8967 | Abyss:1  | Noticed an apocalypse crab
  8969 | Abyss:1  | Noticed a thrashing horror
  8974 | Abyss:1  | Killed an apocalypse crab
  8975 | Abyss:1  | Killed a thrashing horror
  8997 | Abyss:1  | Noticed a large abomination
  9002 | Abyss:1  | Killed a large abomination
  9062 | Abyss:1  | Found a candlelit altar of Ignis.
  9064 | Abyss:1  | Noticed a large abomination
  9064 | Abyss:1  | Noticed a tentacled starspawn
  9069 | Abyss:1  | Killed a tentacled starspawn
  9071 | Abyss:1  | Killed a large abomination
  9081 | D:9      | Escaped the Abyss
  9205 | D:9      | Noticed Pikel
  9211 | D:9      | Noticed a smoke demon
  9211 | D:9      | Killed Pikel
  9567 | D:9      | Found Kyah's Assorted Antiques.
  9710 | D:9      | Killed a cyan ugly thing
  9711 | D:9      | Reached skill level 12 in Maces & Flails
  9717 | D:9      | Killed a brown ugly thing
  9723 | D:9      | Killed a white ugly thing
  9729 | D:9      | Killed a red ugly thing
  9733 | D:9      | Killed a red ugly thing
  9733 | D:9      | Noticed a two-headed ogre
  9734 | D:9      | Reached skill level 13 in Maces & Flails
  9741 | D:9      | Killed a glowing orange brain
  9742 | D:9      | Reached XP level 11. HP: 71/95 MP: 10/10
  9869 | D:9      | Found a runed translucent gate.
  9869 | D:9      | Found a runed translucent gate.
  9872 | D:9      | Found a runed translucent gate.
  9876 | D:9      | Noticed Malificent's ghost (novice HuFi)
  9878 | D:9      | Noticed a cacodemon
  9889 | D:9      | Reached skill level 10 in Armour
  9890 | D:9      | Gained mutation: You are clumsy. (Dex -2) [a neqoxec]
  9891 | D:9      | Gained mutation: You sometimes lose the ability to read
                  | scrolls when taking damage. [a neqoxec]
  9892 | D:9      | Gained mutation: Your magical capacity is low. (-10% MP) [a
                  | cacodemon]
  9893 | D:9      | Killed a cacodemon
  9893 | D:9      | Killed Malificent's ghost
  9938 | D:9      | Lost mutation: You are clumsy. (Dex -2) [mutagenic glow]
  9953 | D:9      | Lost mutation: You sometimes lose the ability to read
                  | scrolls when taking damage. [potion of mutation]
  9953 | D:9      | Lost mutation: Your magical capacity is low. (-10% MP)
                  | [potion of mutation]
  9953 | D:9      | Gained mutation: Armour fits poorly on your strangely
                  | shaped body. [potion of mutation]
  9953 | D:9      | Gained mutation: You have large cloven feet. [potion of
                  | mutation]
  9953 | D:9      | Gained mutation: You are partially covered in iridescent
                  | scales. (AC +2) [potion of mutation]
  9953 | D:9      | Gained mutation: You possess an exceptional clarity of
                  | mind. [potion of mutation]
  9958 | D:9      | Gained mutation: You are weak. (Str -2) [mutagenic glow]
  9973 | D:9      | Gained mutation: You do not regenerate when monsters are
                  | visible. [mutagenic glow]
  9982 | D:10     | Entered Level 10 of the Dungeon
  9989 | D:10     | Reached skill level 14 in Maces & Flails
  9990 | D:10     | Gained mutation: Your magical capacity is low. (-10% MP)
                  | [mutagenic glow]
  9997 | D:10     | Found a runed translucent door.
  9998 | D:10     | Noticed a sixfirhy
 10031 | D:10     | Killed a sixfirhy
 10068 | D:10     | Found a snail-covered altar of Cheibriados.
 10091 | D:10     | Found a staircase to the Orcish Mines.
 10245 | D:10     | Noticed a two-headed ogre
 10248 | D:10     | Killed a two-headed ogre
 10397 | D:10     | Found a portal to a secret trove of treasure.
 10998 | D:11     | Reached skill level 15 in Maces & Flails
 11294 | D:11     | Noticed a two-headed ogre
 11298 | D:11     | Killed a two-headed ogre
 11337 | D:11     | Reached skill level 10 in Fighting
 11577 | D:12     | Noticed a two-headed ogre
 11582 | D:12     | Reached XP level 12. HP: 88/106 MP: 9/9
 11584 | D:12     | Killed a two-headed ogre
 11585 | D:12     | Reached skill level 5 in Shields
 11669 | D:12     | Noticed a two-headed ogre
 11673 | D:12     | Killed a two-headed ogre
 11707 | D:12     | Received a gift from Trog
 11708 | D:12     | Reached skill level 16 in Maces & Flails
 11866 | D:12     | Noticed a boulder beetle
 11874 | D:12     | Killed a boulder beetle
 11883 | D:12     | You fall into a shaft and drop 1 floor!
 11932 | D:13     | Noticed a two-headed ogre
 11936 | D:13     | Killed a two-headed ogre
 11979 | D:13     | Noticed a boulder beetle
 11985 | D:13     | Killed a boulder beetle
 12034 | D:13     | Noticed a centaur warrior
 12158 | D:13     | Noticed a centaur warrior
 12165 | D:13     | Killed a centaur warrior
 12318 | D:13     | Identified the +11 shortbow "Xozihomo" {vorpal, rN+ Int+2}
 12683 | D:12     | Found a white marble altar of Elyvilon.
 12796 | D:12     | Identified the +3 rapier of Ipsimiomo {venom, Str+7}
 12869 | Lair:1   | Entered Level 1 of the Lair of Beasts
 12869 | Lair:1   | Noticed a four-headed hydra
 12873 | Lair:1   | Killed a four-headed hydra
 12874 | Lair:1   | Reached skill level 17 in Maces & Flails
 12964 | Lair:1   | Noticed Sonja
 12990 | Lair:1   | Reached skill level 5 in Dodging
 12994 | Lair:1   | HP: 4/110 [yak (3)]
 13210 | Lair:1   | Found a frozen archway.
 13222 | IceCv    | Entered an ice cave
 13426 | IceCv    | Reached skill level 1 in Long Blades
 13431 | IceCv    | Reached XP level 13. HP: 116/116 MP: 10/10
 13485 | IceCv    | Identified the +1 scale mail of the Slug {rF+}
 14797 | Lair:1   | Killed Sonja
 16047 | Lair:2   | Identified the +5 morningstar of Generosity {vorpal,
                  | Stlth+}
 16120 | Lair:2   | Noticed Erica
 16130 | Lair:2   | Killed Erica
 16457 | D:8      | Bought a scarf of repulsion for 132 gold pieces
 17391 | Lair:3   | Reached skill level 5 in Long Blades
 17428 | Lair:3   | You fall into a shaft and drop 1 floor!
 17616 | Lair:4   | Reached skill level 18 in Maces & Flails
 17693 | Lair:4   | HP: 4/118 [komodo dragon (14)]
 17694 | Lair:4   | HP: 1/118 [black mamba (3)]
 18211 | Lair:4   | Found a hole to the Spider Nest.
 18923 | Lair:5   | Found a viscous altar of Jiyva.
 18923 | Lair:5   | Found a staircase to the Slime Pits.
 18957 | Lair:5   | Reached XP level 14. HP: 126/126 MP: 11/11
 19021 | Lair:5   | Reached skill level 19 in Maces & Flails
 19413 | Lair:6   | Entered Level 6 of the Lair of Beasts
 19984 | Lair:6   | Identified the +7 lajatang of Anger {vorpal, rF+ rN+ Dex+2}
                  | (Trog gifted it to you on level 6 of the Lair of Beasts)
 19984 | Lair:6   | Received a gift from Trog
 20468 | Lair:6   | Reached skill level 15 in Armour
 20476 | Lair:6   | Found a corrupted altar of Lugonu.
 20476 | Lair:6   | Found a one-way gate to the infinite horrors of the Abyss.
 20861 | Lair:6   | Reached skill level 20 in Maces & Flails
 21213 | Slime:1  | Entered Level 1 of the Pits of Slime
 21218 | Slime:1  | Noticed an azure jelly
 21219 | Slime:1  | Noticed an acid blob
 21221 | Slime:1  | Gained mutation: You are partially covered in large bone
                  | plates. (SH +4) [a shining eye]
 21225 | Slime:1  | Noticed an acid blob
 21227 | Slime:1  | Killed an azure jelly
 21227 | Slime:1  | Noticed a rockslime
 21232 | Slime:1  | Killed an acid blob
 21234 | Slime:1  | Gained mutation: Your body sometimes deteriorates upon
                  | taking damage. [a shining eye]
 21236 | Slime:1  | Killed an acid blob
 21237 | Slime:1  | Lost mutation: Armour fits poorly on your strangely shaped
                  | body. [a shining eye]
 21240 | Slime:1  | Paralysed by a great orb of eyes for 2 turns
 21246 | Slime:1  | Gained mutation: You are clumsy. (Dex -2) [a shining eye]
 21247 | Slime:1  | Gained mutation: You are very clumsy. (Dex -4) [a shining
                  | eye]
 21253 | Slime:1  | Received a gift from Trog
 21255 | Slime:1  | Demolished by a rockslime

Illustrated notes

Levels and vault maps discovered:
D:1:      psy_arrival_radial02, layout_basic, basic_ecumenical_altar,
          grunt_decor_cap, corexii_item_surrounded_by_moat
D:2:      layout_loops_corners, uniq_crazy_yiuf_cottage
D:3:      layout_basic, nzn_overflow_gifts_of_might_and_magic,
          nicolae_tso_carved_into_rock, gammafunk_ghost_stat_death,
          kennysheep_cluttered_room, minmay_three_crescents, uniq_robin
D:4:      layout_layer_cave, mainiacjoe_overflow_tiny_flanked,
          minmay_misc_feat_doors
D:5:      layout_rooms, grunt_temple_overflow_champion_of_chaos, serial_shops,
          nicolae_take_the_stairs, nicolae_shop_behind_doors,
          kennysheep_mini_moat, shop, shop
D:6:      layout_basic, eino_curves_03, corexii_item_surrounded_by_moat
D:7:      layout_loops_ring, mainiacjoe_overflow_boulevard,
          minmay_temple_entry_butterflies, minmay_misc_feat_cross,
          kennysheep_windowed_goal
D:8:      layout_basic, grunt_temple_overflow_open,
          mainiacjoe_overflow_alcove_1, serial_shops, shop_statue
D:9:      layout_long_grid, dpeg_oklobed_lair, serial_shops, kennysheep_mini,
          ploomutoo_gammafunk_ghost_potion_laboratory, uniq_pikel
D:10:     cheibrodos_shockbox, layout_cave_pools, cheibriados_altar_1,
          orc_0_dummy, trove_entry_hex_spiral, nicolae_straight_to_the_point
D:11:     layout_loops_ring, chequers_serial_rivers_large_a
D:12:     layout_long_grid, nicolae_elyvilon_peaceful_grove
D:13:     hellmonk_warped_wall, layout_stronghold,
          hangedman_vaults_entry_quadrant_bands, minmay_radiant
Lair:1:   layout_hall_layers, portal_ice_cave_entry_pillars_1, uniq_sonja
Lair:2:   layout_cave_pods, lemuel_fruit_fields, uniq_erica
Lair:3:   layout_hall_layers, minmay_shoals_entry_centaurs,
          chequers_serial_rivers_room_b, gammafunk_lair_bear_cave,
          grunt_megastairs_2, lemuel_fruit_tree
Lair:4:   nzn_winding_woodlands_three_and_one
          [nzn_winding_woodlands_5x15_jagged,
          nzn_winding_woodlands_5x15_sidewinder,
          nzn_winding_woodlands_5x15_sawtooth,
          nzn_winding_woodlands_center_diamonds], layout_gridlike,
          spider_nest_entry_web_field, chequers_serial_rivers_micro_c
Lair:5:   layout_loops_ring, slime_altar_1, special_room
          [special_room_mythical_zoo], grunt_forest_stairs_clearing
Lair:6:   hellmonk_lair_end_abyssal_woods, layout_hall_layers
Slime:1:  layout_caves

Skill      XL: |  1  2  3  4  5  6  7  8  9 10 11 12 13 14 |
---------------+-------------------------------------------+-----
Fighting       | 4 5 6 7 8 10 11 12 14 | 14.0
Axes           | 4 5 |  5.7
Armour         | 3 4 5 6 7 8 9 11 12 14 15 | 15.3
Maces & Flails | 1 2 5 8 11 13 15 17 18 20 | 20.2
Dodging        | 3 4 5 |  5.7
Stealth        | 1 2 3 4 |  4.2
Shields        | 2 3 4 6 7 9 |  9.1
Long Blades    | 1 5 |  5.0

Action                   |  1- 3 |  4- 6 |  7- 9 | 10-12 | 13-15 || total
-------------------------+-------+-------+-------+-------+-------++-------
Melee: Hand axe          |    96 |    78 |       |       |       ||   174
       Headbutt          |     6 |    14 |    23 |    58 |   110 ||   211
       Flail             |       |    73 |    35 |       |       ||   108
       Punch             |       |     3 |       |       |       ||     3
       Great mace        |       |       |   124 |   255 |   376 ||   755
       Long sword        |       |       |       |    26 |    83 ||   109
Invok: Berserk           |     1 |     3 |       |     7 |     7 ||    18
       Brothers in Arms  |       |       |       |     2 |     4 ||     6
       Trog's Hand       |       |       |       |     2 |     3 ||     5
  Use: Scroll            |       |     6 |     1 |     7 |    10 ||    24
       Potion            |       |       |       |     2 |     4 ||     6
 Stab: Distracted        |       |       |       |     6 |     2 ||     8
Armor: Animal skin       |     2 |       |       |       |       ||     2
       Scale mail        |    38 |    91 |    23 |       |       ||   152
       Ring mail         |       |       |    48 |       |       ||    48
       Plate armour      |       |       |    73 |   220 |   370 ||   663
Dodge: Dodged            |    53 |   109 |   124 |   107 |   198 ||   591
       Repelled          |       |       |       |       |     3 ||     3
Block: Other             |       |       |    44 |    65 |    98 ||   207
       Reflection        |       |       |     2 |    10 |     9 ||    21
       Tower shield      |       |       |       |    23 |   135 ||   158
